[Event "Team 45 45 League T65"]
[Site "Internet Chess Club"]
[Date "2015.06.08"]
[Round "1"]
[White "AVEMARIA"]
[Black "craftsman49868"]
[Result "0-1"]
[WhiteElo "1589"]
[BlackElo "1711"]
[Opening "Robatsch (modern) defense"]
[ECO "B06"]
[Time "17:00:36"]
[TimeControl "2700+45"]

1. e4 g6 2. d4 Bg7 3. Nf3 d6 4. Bc4 Nf6 5. Nc3 O-O 6. O-O Bg4 7. h3 Bxf3 8. Qxf3
Nc6 9. Rd1 e5 10. dxe5 Nxe5 11. Qe2 Nxc4 12. Qxc4 Nd7 13. Be3 Re8 14. f3 Ne5 15.
Qe2 Qe7 16. Nd5 Qd7 17. Bg5 c6 18. Nf6+ Bxf6 19. Bxf6 Re6 20. Bxe5 Rxe5 21. f4
Re6 22. e5 Qe8 23. Re1 dxe5 24. fxe5 Qd8 25. Qf2 Qc7 26. Rad1 a6 27. Re2 Rae8
28. Qd4 Rxe5 29. Rxe5 Rxe5 30. Qd8+ Qxd8 31. Rxd8+ Kg7 32. Rd2 Rd5 33. Re2 Kf6
34. b3 h5 35. a4 h4 36. Kf2 Rf5+ 37. Kg1 Rc5 38. c4 Re5 39. Rf2+ Ke6 40. Rf3 Re2
41. Rd3 g5 42. Kf1 Rb2 43. Kg1 f5 44. g3 hxg3 45. Rxg3 Kf6 46. Rd3 f4 47. Rc3
Ke5 48. c5 a5 49. h4 g4 50. h5 f3 51. h6 Kf4 52. h7 Rb1+ 53. Kh2 g3+ {White
resigns} 0-1

[Event "Team 45 45 League T65"]
[Site "Internet Chess Club"]
[Date "2015.06.07"]
[Round "1"]
[White "SugarIslander"]
[Black "whiskeytown"]
[Result "0-1"]
[WhiteElo "1607"]
[BlackElo "1586"]
[Opening "King's Indian: orthodox variation"]
[ECO "E94"]
[Time "17:01:23"]
[TimeControl "2700+45"]

1. d4 Nf6 2. c4 g6 3. Nc3 Bg7 4. e4 d6 5. Nf3 O-O 6. Be2 e5 7. O-O exd4 8. Nxd4
Nbd7 9. Be3 Nc5 10. f3 a6 11. Rb1 Bd7 12. b4 Ne6 13. Nd5 Nxd5 14. cxd5 Nxd4 15.
Bxd4 Bxd4+ 16. Qxd4 Qg5 17. f4 Qe7 18. Rf3 Bg4 19. Re3 Bxe2 20. Rxe2 Qd7 21. Rc1
Rac8 22. Rec2 Qb5 23. Kf2 a5 24. Rxc7 Rxc7 25. Rxc7 axb4 26. Rc4 Qa4 27. Rxb4
Qxa2+ 28. Qb2 Qxb2+ 29. Rxb2 Rb8 30. Rb6 Kg7 31. Ke3 Kf8 32. Rxd6 b5 33. Rc6 b4
34. Rc2 b3 35. Rb2 Ke7 36. Kd3 Rb4 37. g3 Kd6 38. g4 f5 39. e5+ Kxd5 40. gxf5
gxf5 41. Ke3 h5 42. h4 Re4+ 43. Kf3 Kc4 44. Rb1 Kc3 45. Rc1+ Kd2 46. Rc8 b2 47.
Rd8+ Kc3 48. Rc8+ Rc4 49. Rb8 Kc2 50. e6 Rc3+ 51. Ke2 b1=Q 52. Rxb1 Kxb1 53. e7
Rc8 54. Kd3 Re8 55. Kd4 Rxe7 56. Kd5 Kc2 57. Kd6 Re3 {White resigns} 0-1

[Event "Team 45 45 League T65"]
[Site "Internet Chess Club"]
[Date "2015.06.04"]
[Round "1"]
[White "tightfist"]
[Black "dabodhi"]
[Result "0-1"]
[WhiteElo "1575"]
[BlackElo "1380"]
[Opening "Réti opening"]
[ECO "A05"]
[Time "22:07:28"]
[TimeControl "2700+45"]

1. Nf3 Nf6 2. b4 d5 3. b5 Bf5 4. Bb2 c6 5. e3 cxb5 6. Bxb5+ Nc6 7. Ne5 Rc8 8.
Nc3 a6 9. Nxc6 bxc6 10. Bxa6 Rb8 11. Rb1 Rb6 12. Be2 e5 13. O-O Bd6 14. d3 O-O
15. Qc1 Qc7 16. Ba3 Rxb1 17. Nxb1 c5 18. Nc3 Rb8 19. g3 d4 20. exd4 cxd4 21.
Bxd6 Qxd6 22. Nb1 e4 23. Nd2 e3 24. Nc4 Qd5 25. fxe3 Bh3 26. Bf3 Qg5 27. Bg2
Bxg2 28. Kxg2 Re8 29. exd4 Re2+ 30. Kg1 Qxc1 31. Rxc1 Ng4 32. Rb1 g6 33. Rc1
Nxh2 34. Ne5 f6 35. Nd7 Nf3+ 36. Kf1 Nxd4 37. Nxf6+ Kg7 38. Nd5 Rh2 39. Re1 Rxc2
40. Re7+ Kh6 41. Re4 Rc1+ 42. Kg2 Rc2+ 43. Kh3 Nf3 44. Ra4 Kg5 45. Rg4+ Kh6 46.
Rf4 Rh2+ 47. Kg4 Ne5# {White checkmated} 0-1

[Event "Team 45 45 League T65"]
[Site "Internet Chess Club"]
[Date "2015.06.06"]
[Round "1"]
[White "Chess4Him"]
[Black "BJJ"]
[Result "1-0"]
[WhiteElo "1539"]
[BlackElo "1502"]
[Opening "Queen's pawn, Mason variation"]
[ECO "D00"]
[Time "11:01:00"]
[TimeControl "2700+45"]

1. d4 d5 2. Bf4 c6 3. Nf3 Nf6 4. e3 Bf5 5. Bd3 Bg6 6. Bxg6 hxg6 7. c3 Nbd7 8. h3
e6 9. Nbd2 Be7 10. Qb3 Qb6 11. Ne5 Qxb3 12. axb3 Nxe5 13. Bxe5 a6 14. Nf3 Rd8
15. b4 Bd6 16. Ke2 Bxe5 17. Nxe5 Ne4 18. c4 dxc4 19. Nxc4 f6 20. h4 Rh5 21. Kf3
Nd6 22. Nxd6+ Rxd6 23. g4 Rb5 24. Ra4 Kf7 25. Rc1 Rd8 26. Rc5 Rd5 27. Rxd5 Rxd5
28. Ra5 Rxa5 29. bxa5 Ke7 30. Ke4 Kd6 31. Kd3 f5 32. e4 fxg4 33. Kc4 e5 34. b3
exd4 35. Kxd4 c5+ 36. Ke3 Ke5 37. f3 g3 38. f4+ Kf6 39. Kf3 g2 40. Kxg2 g5 41.
hxg5+ Ke6 42. Kf3 g6 43. Ke3 Kd6 44. Kd3 Kc6 45. Kc4 b5+ 46. axb6 Kxb6 47. f5
gxf5 48. exf5 Ka5 49. f6 Kb6 50. f7 a5 51. f8=Q a4 52. Qxc5+ Ka6 53. Qb5+ Ka7
54. bxa4 Ka8 55. g6 Ka7 56. g7 Ka8 57. g8=Q+ Ka7 58. Qh7+ Ka8 59. Qe8# {Black
checkmated} 1-0

[Event "Team 45 45 League T65"]
[Site "Internet Chess Club"]
[Date "2015.06.04"]
[Round "1"]
[White "KidRattler"]
[Black "Ostap-Bender"]
[Result "1/2-1/2"]
[WhiteElo "1553"]
[BlackElo "1439"]
[Opening "Réti opening"]
[ECO "A05"]
[Time "17:32:11"]
[TimeControl "2700+45"]

1. Nf3 Nf6 2. g3 d5 3. Bg2 c5 4. d3 Nc6 5. O-O e6 6. Nbd2 Be7 7. b3 O-O 8. Bb2
Qc7 9. Re1 b6 10. c3 Bb7 11. d4 Rad8 12. e3 Rfe8 13. Qb1 h6 14. Bf1 e5 15. dxe5
Nxe5 16. Nxe5 Qxe5 17. f4 Qc7 18. Bg2 Bf8 19. h3 Ne4 20. Nxe4 dxe4 21. Qc2 b5
22. a4 a6 23. axb5 axb5 24. Bf1 c4 25. bxc4 bxc4 26. Ra4 Bd5 27. Ba3 Ra8 28.
Rxa8 Rxa8 29. Bxf8 Kxf8 30. Rd1 Qc5 31. Kf2 Ra3 32. Qd2 Ra5 33. Bg2 f5 34. h4
Qa7 35. Kg1 Qb6 36. Qd4 Qc5 37. Qxc5+ Rxc5 38. Kf2 Ra5 39. Ke2 Ra2+ 40. Rd2
Rxd2+ 41. Kxd2 Ke7 42. Bh3 g6 43. h5 Kf6 {Game drawn by mutual agreement}
1/2-1/2

[Event "Team 45 45 League T65"]
[Site "Internet Chess Club"]
[Date "2015.06.06"]
[Round "1"]
[White "stantheman59"]
[Black "Just-Jim"]
[Result "1-0"]
[WhiteElo "1263"]
[BlackElo "1358"]
[Opening "Queen's pawn game"]
[ECO "D00"]
[Time "11:02:26"]
[TimeControl "2700+45"]

1. d4 d5 2. f4 e6 3. e3 Be7 4. Nf3 f5 5. c3 Bh4+ 6. g3 Be7 7. Bb5+ c6 8. Ba4 b5
9. Bb3 Nf6 10. Nbd2 O-O 11. Ne5 c5 12. Ndf3 Bb7 13. Ng5 Qc8 14. g4 Ne4 15. Nxe4
fxe4 16. g5 cxd4 17. exd4 b4 18. g6 h6 19. c4 dxc4 20. Bxc4 Bh4+ 21. Kf1 Rf5 22.
Qg4 Rxe5 23. Qxh4 Qxc4+ 24. Ke1 Qxd4 25. fxe5 e3 26. Qxd4 Bxh1 27. Qd8# {Black
checkmated} 1-0

[Event "Team 45 45 League T65"]
[Site "Internet Chess Club"]
[Date "2015.06.03"]
[Round "1"]
[White "tryanything"]
[Black "Tjet"]
[Result "1-0"]
[WhiteElo "1616"]
[BlackElo "1536"]
[Opening "King's pawn opening"]
[ECO "B07"]
[Time "19:00:18"]
[TimeControl "2700+45"]

1. e4 d6 2. d4 e5 3. dxe5 dxe5 4. Qxd8+ Kxd8 5. Bc4 Be6 6. Bxe6 fxe6 7. b3 Bd6
8. Bb2 Ke7 9. Nd2 Nf6 10. f3 Nc6 11. O-O-O b5 12. Ne2 a5 13. g3 a4 14. Kb1 axb3
15. cxb3 Nb4 16. Nc1 Nd7 17. f4 exf4 18. Nf3 e5 19. gxf4 Nc6 20. Nd3 Rhf8 21.
Nfxe5 Ncxe5 22. fxe5 Ba3 23. Bxa3+ Rxa3 24. Kb2 Raa8 25. Rhf1 Rxf1 26. Rxf1 Rf8
27. Rxf8 Nxf8 28. a4 bxa4 29. bxa4 Nd7 30. a5 Nb8 31. Nc5 Nc6 32. a6 Na7 33. Kc3
g5 34. Kd3 h5 35. Ke3 Nc6 36. h3 Nxe5 37. a7 Nc4+ 38. Kf2 Nb6 39. e5 c6 40. Ke3
Nd5+ 41. Ke4 Nc7 42. Kf5 g4 43. hxg4 h4 44. Kf4 Na8 45. g5 h3 46. Kg3 h2 47.
Kxh2 Kf7 48. e6+ Ke7 49. g6 Kf6 50. Kg3 Kxg6 51. Kf4 Kf6 52. Ke4 Ke7 53. Ke5 Nc7
54. Ke4 Na8 55. Kd4 Kd6 56. Kc4 Nb6+ 57. Kb4 Na8 58. Ka5 Nc7 59. Kb6 Nd5+ 60.
Kb7 Nc7 61. a8=Q Nxa8 62. Kxa8 Ke7 63. Kb7 Kd6 64. Kb6 Ke7 65. Kxc6 Ke8 66. Kd6
Kd8 67. Na6 Ke8 68. Nc7+ Kd8 69. e7+ {Black resigns} 1-0

[Event "Team 45 45 League T65"]
[Site "Internet Chess Club"]
[Date "2015.06.06"]
[Round "1"]
[White "seanmurphy"]
[Black "lilith"]
[Result "0-1"]
[WhiteElo "1376"]
[BlackElo "1597"]
[Opening "Ruy Lopez: old Steinitz defense"]
[ECO "C62"]
[Time "03:00:19"]
[TimeControl "2700+45"]

1. e4 e5 2. Nf3 Nc6 3. Bb5 d6 4. c3 Bd7 5. d4 Nf6 6. O-O Nxe4 7. dxe5 Nxe5 8.
Bxd7+ Qxd7 9. Nxe5 dxe5 10. Qxd7+ Kxd7 11. Nd2 Nxd2 12. Bxd2 Rd8 13. Be3 b6 14.
Rad1+ Kc8 15. Rc1 Be7 16. g3 g5 17. Kg2 f5 18. f4 gxf4 19. gxf4 Rhg8+ 20. Kf3
e4+ 21. Ke2 Rg2+ 22. Rf2 Rdg8 23. Rf1 Kb7 24. Rxg2 Rxg2+ 25. Rf2 Rxf2+ 26. Bxf2
Kc6 27. Ke3 Bc5+ 28. Ke2 Bxf2 29. Kxf2 Kd5 30. Ke3 Kc4 31. h3 h5 32. Kf2 Kd3 33.
Kg3 Kd2 {White resigns} 0-1

[Event "Team 45 45 League T65"]
[Site "Internet Chess Club"]
[Date "2015.06.08"]
[Round "1"]
[White "ShadowKing"]
[Black "houseofcook"]
[Result "1/2-1/2"]
[WhiteElo "1414"]
[BlackElo "1391"]
[Opening "French defense"]
[ECO "C00"]
[Time "14:00:21"]
[TimeControl "2700+45"]

1. e4 e6 2. Nf3 d5 3. exd5 exd5 4. d4 Nf6 5. Be2 Be7 6. O-O O-O 7. Nc3 c6 8. Bf4
Bg4 9. Re1 Nbd7 10. Ne5 Bxe2 11. Rxe2 Re8 12. Nxd7 Qxd7 13. Qd3 Bd6 14. Bxd6
Qxd6 15. Ree1 Ng4 16. g3 Qh6 17. h4 Qd6 18. Qf5 Nf6 19. Qf3 Qd7 20. Ne2 Re7 21.
Nf4 Rae8 22. Nd3 Qc7 23. Rxe7 Rxe7 24. Re1 Rxe1+ 25. Nxe1 Qe7 26. Nd3 h6 27. Ne5
Qe6 28. Qf4 a6 29. f3 Nd7 30. Nxd7 Qxd7 31. g4 Qe7 32. g5 Qe1+ 33. Kg2 Qe2+ 34.
Kh3 Qf1+ 35. Kg4 Qg1+ 36. Kh3 Qf1+ 37. Kg4 g6 38. gxh6 Qg1+ 39. Qg3 Qxd4+ 40.
Qf4 Qg1+ 41. Kh3 Qf1+ 42. Kg3 Qg1+ 43. Kh3 Qf1+ 44. Kg3 Qg1+ 45. Kh3 {Game drawn
by repetition} 1/2-1/2

[Event "Team 45 45 League T65"]
[Site "Internet Chess Club"]
[Date "2015.06.07"]
[Round "1"]
[White "guyd52"]
[Black "Fogbound"]
[Result "1-0"]
[WhiteElo "1334"]
[BlackElo "1279"]
[Opening "Réti: King's Indian attack (Barcza system)"]
[ECO "A07"]
[Time "07:30:39"]
[TimeControl "2700+45"]

1. Nf3 d5 2. g3 Nf6 3. Bg2 e6 4. d3 Be7 5. O-O Nbd7 6. Bf4 Nh5 7. Qc1 Nxf4 8.
Qxf4 Bd6 9. Qd4 Nf6 10. Nbd2 c5 11. Qh4 Be7 12. Qg5 O-O 13. Qf4 Bd6 14. Qh4 Be7
15. Qf4 Bd6 16. Qh4 Re8 17. e4 e5 18. exd5 b5 19. Ne4 Nxe4 20. Qxe4 Bb7 21. h4
Qf6 22. Bh3 Bc8 23. Bxc8 Raxc8 24. Ng5 g6 25. c4 bxc4 26. dxc4 h6 27. Nf3 Qg7
28. Rfe1 f5 29. Qc2 Re7 30. Qa4 Rce8 31. Qc6 Qf6 32. Qb5 e4 33. Nd2 Rb8 34. Qa5
Rxb2 35. Nb3 e3 36. Rxe3 Rxe3 37. fxe3 Bxg3 38. Qxc5 Bf2+ 39. Kf1 Bxh4 40. Qc8+
Qf8 41. Qe6+ Kg7 42. Qe5+ Bf6 43. Qc7+ Kg8 44. Qxa7 Bh4 45. Qd4 Rf2+ 46. Kg1 Bf6
47. Qd3 Rf3 48. Kg2 Rg3+ 49. Kxg3 Qd6+ 50. Kh3 h5 51. Rg1 Kf7 52. Nd4 Bxd4 53.
Qxd4 Qd7 54. Qb6 f4+ 55. Kh2 Qf5 56. Qe6+ Qxe6 57. dxe6+ Kxe6 58. Rxg6+ Kf5 59.
Rg1 fxe3 60. Re1 Ke4 61. c5 Kd3 62. Kg2 h4 63. c6 Kd2 64. Rxe3 Kxe3 65. c7
{Black resigns} 1-0

[Event "Team 45 45 League T65"]
[Site "Internet Chess Club"]
[Date "2015.06.05"]
[Round "1"]
[White "sharky123"]
[Black "primerpaso"]
[Result "1-0"]
[WhiteElo "1846"]
[BlackElo "1830"]
[Opening "Sicilian"]
[ECO "B50"]
[Time "19:00:35"]
[TimeControl "2700+45"]

1. e4 c5 2. Nf3 d6 3. c3 Nc6 4. d4 cxd4 5. cxd4 e6 6. Nc3 Nf6 7. Bd3 Be7 8. O-O
O-O 9. Qb3 Na5 10. Qa4 Bd7 11. Bb5 Bxb5 12. Qxb5 a6 13. Qd3 Rc8 14. Re1 Qd7 15.
b3 b5 16. Bd2 Nc6 17. Ne2 d5 18. e5 Ne4 19. a3 Rc7 20. Ng3 Nxd2 21. Qxd2 b4 22.
a4 Na5 23. Rab1 Rfc8 24. Qd3 Rc3 25. Qxa6 Nxb3 26. Ne2 Rxf3 27. gxf3 Nd2 28.
Rec1 Rc4 29. Rxc4 dxc4 30. Qa8+ Bf8 31. Rxb4 Nxf3+ 32. Kg2 Nxd4 33. Rb8 Qc6+ 34.
Qxc6 Nxc6 35. Rc8 Nxe5 36. f4 Ng4 37. h3 Ne3+ 38. Kf3 Nf5 39. Rxc4 f6 40. Nd4
Nd6 41. Rc7 e5 42. fxe5 fxe5 43. Ne6 h6 44. Nxf8 Kxf8 45. a5 Nb5 46. Rb7 Nd6 47.
a6 {Black resigns} 1-0

[Event "Team 45 45 League T65"]
[Site "Internet Chess Club"]
[Date "2015.06.04"]
[Round "1"]
[White "frank001"]
[Black "Holzschlange"]
[Result "0-1"]
[WhiteElo "1776"]
[BlackElo "1839"]
[Opening "Queen's pawn game"]
[ECO "D00"]
[Time "22:07:51"]
[TimeControl "2700+45"]

1. d4 d5 2. e3 e6 3. Bd3 Nf6 4. Nd2 c5 5. c3 Qc7 6. g3 e5 7. dxe5 Qxe5 8. Ngf3
Qh5 9. Bb5+ Nc6 10. Qa4 Bd7 11. Kd1 Ne4 12. Rf1 Nxd2 {White resigns} 0-1

[Event "Team 45 45 League T65"]
[Site "Internet Chess Club"]
[Date "2015.06.05"]
[Round "1"]
[White "Konstantinos"]
[Black "Portola"]
[Result "0-1"]
[WhiteElo "1672"]
[BlackElo "1790"]
[Opening "QGD: 3...Nf6"]
[ECO "D35"]
[Time "13:02:52"]
[TimeControl "2700+45"]

1. d4 d5 2. c4 e6 3. Nc3 Nf6 4. e3 Be7 5. Nf3 O-O 6. Be2 Nbd7 7. O-O b6 8. cxd5
exd5 9. a3 Bb7 10. b4 c6 11. Bb2 Bd6 12. Nd2 Re8 13. Bf3 Rc8 14. Rc1 Bb8 15. Na4
Re7 16. g3 Nf8 17. Bg2 Qd7 18. Re1 Rce8 19. Nc3 Qf5 20. Qc2 Qh5 21. Qd1 Qg6 22.
Qc2 Qh6 23. Bf3 Ne6 24. Qd3 Ng5 25. Bg2 Ng4 26. Nf1 Nh3+ 27. Bxh3 Qxh3 28. Qf5
Bc8 29. Qf3 Nf6 30. Ne2 Bd7 31. Nf4 Qf5 32. Qg2 Ne4 33. Ne2 Ng5 34. Nf4 Bxf4 35.
gxf4 Nh3+ 36. Kh1 Nxf4 37. Ng3 Qg6 {White resigns} 0-1

[Event "Team 45 45 League T65"]
[Site "Internet Chess Club"]
[Date "2015.06.07"]
[Round "1"]
[White "jjimalo"]
[Black "TerryMalloy"]
[Result "1/2-1/2"]
[WhiteElo "1867"]
[BlackElo "1964"]
[Opening "QGA: classical, Rubinstein variation"]
[ECO "D27"]
[Time "12:24:29"]
[TimeControl "2700+45"]

1. d4 d5 2. Nf3 Nf6 3. c4 dxc4 4. e3 e6 5. Bxc4 c5 6. O-O a6 7. a4 Nc6 8. Nc3
Be7 9. Qe2 cxd4 10. Rd1 e5 11. exd4 exd4 12. Be3 Bg4 13. h3 Bxf3 14. Qxf3 O-O
15. Nd5 Ne5 16. Nxf6+ Bxf6 17. Qe2 Nc6 18. Bf4 Re8 19. Qf3 Rc8 20. Rac1 Qd7 21.
Bd3 g6 22. Be4 Bg7 23. b3 Ne5 24. Bxe5 Rxc1 25. Rxc1 Bxe5 26. Bxb7 d3 27. Bxa6
d2 28. Rd1 Bg7 29. Kf1 Bf8 30. Be2 Bb4 31. h4 h5 32. g3 Qd6 33. Kg2 Kg7 34. Bc4
Re7 35. Be2 Qe6 36. Kf1 Qh3+ 37. Kg1 Qc8 38. Qd3 Qc3 39. Qxc3+ Bxc3 40. Kf1 Kf6
41. Rb1 Bb4 42. Ra1 Rc7 43. Bc4 Kf5 44. f3 Ke5 45. Ke2 Kd4 46. Kd1 Re7 47. Be2
Re5 48. Ra2 Ke3 49. Rc2 Kf2 50. Rc4 Bf8 51. Re4 Rd5 52. g4 f5 53. gxf5 gxf5 54.
Rc4 Bh6 55. f4 Kg3 56. b4 Bxf4 57. a5 Re5 58. a6 Be3 59. Rc7 f4 60. a7 Re8 61.
Bxh5 Ra8 62. b5 Kxh4 63. Bf3 Rxa7 64. Rxa7 Bxa7 65. Kxd2 Kg3 66. Bc6 f3 67. Bxf3
Kxf3 {Game drawn by mutual agreement} 1/2-1/2

[Event "Team 45 45 League T65"]
[Site "Internet Chess Club"]
[Date "2015.06.05"]
[Round "1"]
[White "Gojira"]
[Black "elmaestro"]
[Result "0-1"]
[WhiteElo "1729"]
[BlackElo "1797"]
[Opening "Dutch"]
[ECO "A80"]
[Time "23:06:03"]
[TimeControl "2700+45"]

1. d4 f5 2. Bf4 e6 3. e3 Nf6 4. Bd3 Be7 5. h3 O-O 6. Nf3 d6 7. Nbd2 Nc6 8. c3 a5
9. a4 Nd7 10. Qb3 Nb6 11. Bh2 Kh8 12. e4 f4 13. Bb5 Na7 14. e5 Nxb5 15. Qxb5 Bd7
16. Qb3 d5 17. c4 dxc4 18. Nxc4 Nxc4 19. Qxc4 Bb4+ 20. Nd2 Bc6 21. Qd3 Qd5 22.
O-O-O Bxa4 23. b3 Bb5 24. Nc4 a4 25. Qf3 Bxc4 26. bxc4 Qxc4+ 27. Kb1 a3 28. Rd3
a2+ 29. Ka1 Ra5 {White forfeits on time} 0-1

[Event "Team 45 45 League T65"]
[Site "Internet Chess Club"]
[Date "2015.06.04"]
[Round "1"]
[White "pishd"]
[Black "CaptK"]
[Result "1-0"]
[WhiteElo "1814"]
[BlackElo "1882"]
[Opening "King's Indian: East Indian defense"]
[ECO "A48"]
[Time "10:17:50"]
[TimeControl "2700+45"]

1. d4 Nf6 2. Nf3 g6 3. e3 Bg7 4. Be2 d6 5. c4 O-O 6. O-O c5 7. Nc3 Nc6 8. d5 Nb8
9. h3 Nfd7 10. e4 Ne5 11. Nxe5 Bxe5 12. Bh6 Bg7 13. Bxg7 Kxg7 14. Bd3 Nd7 15. f4
f6 16. Qf3 Rb8 17. Qg3 Qb6 18. b3 Qb4 19. Bc2 a6 20. a3 Qa5 21. Rfb1 b5 22. cxb5
axb5 23. b4 Qc7 24. Kh2 c4 25. Qe3 Rh8 26. Ne2 Nf8 27. Nd4 e5 28. fxe5 fxe5 29.
Nc6 Ra8 30. Rf1 Nd7 31. Qg5 Re8 32. Rf3 h6 33. Qh4 g5 34. Qf2 Bb7 35. Rf7+ Kg8
36. Qf5 {Black resigns} 1-0

[Event "Team 45 45 League T65"]
[Site "Internet Chess Club"]
[Date "2015.06.07"]
[Round "1"]
[White "ANGELLR"]
[Black "LittleButton"]
[Result "0-1"]
[WhiteElo "1875"]
[BlackElo "1858"]
[Opening "Queen's pawn game"]
[ECO "D02"]
[Time "16:01:02"]
[TimeControl "2700+45"]

1. d4 d5 2. Nf3 e6 3. c4 a6 4. Nc3 dxc4 5. a4 Nc6 6. e4 Na5 7. Ne5 Nb3 8. Rb1
Qxd4 9. Nxc4 Qxd1+ 10. Kxd1 Nxc1 11. Rxc1 Bc5 12. f3 Ne7 13. Bd3 Nc6 14. Kc2
Nb4+ 15. Kd2 Nxd3 16. Kxd3 Ke7 17. Kc2 Bd7 18. Ne5 Rhd8 19. Nxd7 Rxd7 20. Rcd1
Rad8 21. b3 Bb4 22. Nb1 Rxd1 23. Rxd1 Rxd1 24. Kxd1 Kd6 25. Ke2 Kc5 26. Kd3 Ba5
27. Na3 c6 28. Nc4 Bc7 29. Kc3 a5 30. h3 b5 31. axb5 cxb5 32. Nd2 a4 33. b4+ Kd6
34. f4 g6 35. Nf1 Kc6 36. g3 e5 37. fxe5 Bxe5+ 38. Kc2 Kd6 39. g4 Bf4 40. h4 Ke5
41. Kd3 h6 42. g5 h5 43. Kc3 Kxe4 44. Kc2 Kf3 45. Kd3 Kf2 46. Ke4 Kxf1 47. Kxf4
a3 48. Ke5 a2 49. Kd6 a1=Q {White resigns} 0-1

[Event "Team 45 45 League T65"]
[Site "Internet Chess Club"]
[Date "2015.06.06"]
[Round "1"]
[White "chess09"]
[Black "VictorRed"]
[Result "1/2-1/2"]
[WhiteElo "1861"]
[BlackElo "1842"]
[Opening "Dutch: stonewall with Ba3"]
[ECO "A94"]
[Time "22:01:04"]
[TimeControl "2700+45"]

1. d4 e6 2. c4 f5 3. Nf3 Nf6 4. g3 c6 5. Bg2 d5 6. O-O Be7 7. b3 O-O 8. Ba3 Bxa3
9. Nxa3 Qe7 10. Nc2 Nbd7 11. Nce1 b6 12. Nd3 a5 13. Nfe5 Bb7 14. Rc1 Rac8 15. e3
Nxe5 16. Nxe5 Nd7 17. f4 Nxe5 18. fxe5 Rc7 19. Qd2 Rfc8 20. Rc2 h6 21. Rfc1 Qd7
22. cxd5 cxd5 23. Rxc7 Rxc7 24. Rxc7 Qxc7 25. Bf1 Bc8 26. Bd3 Bd7 27. Qc2 Qxc2
28. Bxc2 Kf7 29. Bd3 g6 30. a4 Bc6 31. Kf2 Bd7 32. Kf3 Bc6 33. h3 Bd7 34. Ba6
Bc6 35. Ke2 Ke7 36. Kd3 Bd7 37. Kc3 Kd8 38. Bd3 Kc7 39. Bc2 b5 40. Bd1 bxa4 41.
bxa4 Bc6 42. Bc2 Kd7 43. Kd2 Ke7 44. Ke2 Kf7 45. Kf3 Bd7 {Game drawn by mutual
agreement} 1/2-1/2

[Event "Team 45 45 League T65"]
[Site "Internet Chess Club"]
[Date "2015.06.07"]
[Round "1"]
[White "Baseta"]
[Black "LazyPeon"]
[Result "1-0"]
[WhiteElo "1885"]
[BlackElo "1754"]
[Opening "English: symmetrical, Benoni formation"]
[ECO "A31"]
[Time "14:00:37"]
[TimeControl "2700+45"]

1. d4 Nf6 2. c4 c5 3. Nf3 cxd4 4. Nxd4 e5 5. Nb5 d5 6. cxd5 Bc5 7. e3 O-O 8. Bc4
a6 9. N5c3 e4 10. Nd2 Re8 11. Nb3 Bd6 12. Nd4 Qc7 13. Qb3 Nbd7 14. Bd2 Ne5 15.
Be2 Bd7 16. Rc1 Qb8 17. a4 Bg4 18. f3 exf3 19. gxf3 Bh5 20. Nf5 Nxf3+ 21. Bxf3
Bxf3 22. Rg1 g6 23. Qb6 Be5 24. Nh6+ Kg7 25. Nf5+ Kh8 26. Nh6 Re7 27. Rf1 Nxd5
28. Nxd5 Bxd5 29. Bc3 Bxc3+ 30. Rxc3 Qe5 31. Ng4 Qe6 32. Qd4+ f6 33. Rxf6 Qe4
34. Rf8# {Black checkmated} 1-0

[Event "Team 45 45 League T65"]
[Site "Internet Chess Club"]
[Date "2015.06.06"]
[Round "1"]
[White "Zugzwanged"]
[Black "pcvan"]
[Result "0-1"]
[WhiteElo "1632"]
[BlackElo "1557"]
[Opening "Sicilian: closed"]
[ECO "B23"]
[Time "09:04:36"]
[TimeControl "2700+45"]

1. e4 c5 2. Nc3 d6 3. f4 Nc6 4. Nf3 g6 5. Bb5 Bd7 6. O-O Bg7 7. d3 Nf6 8. Bxc6
Bxc6 9. Qe1 O-O 10. Qh4 Qb6 11. f5 c4+ 12. Kh1 cxd3 13. cxd3 Rac8 14. fxg6 fxg6
15. Bh6 Qxb2 16. Ng5 Bxh6 17. Qxh6 Qxc3 18. Rac1 Qd2 19. Rcd1 Qe2 20. Ne6 Rf7
21. Ng5 Ng4 22. Nxf7 Nxh6 23. Nxh6+ Kg7 24. Rde1 Qh5 25. Nf7 Rf8 26. Nxd6 Rxf1+
27. Rxf1 exd6 {White resigns} 0-1

[Event "Team 45 45 League T65"]
[Site "Internet Chess Club"]
[Date "2015.06.08"]
[Round "1"]
[White "NAS"]
[Black "willhelm"]
[Result "0-1"]
[WhiteElo "1794"]
[BlackElo "1937"]
[Opening "Ruy Lopez: exchange variation"]
[ECO "C68"]
[Time "15:00:20"]
[TimeControl "2700+45"]

1. e4 e5 2. Nf3 Nc6 3. Bb5 a6 4. Bxc6 dxc6 5. d3 f6 6. Be3 Bd6 7. Nbd2 Ne7 8.
Qe2 c5 9. Nc4 Nc6 10. Nxd6+ cxd6 11. c3 Bg4 12. h3 Bxf3 13. Qxf3 Qd7 14. O-O O-O
15. Rad1 Rad8 16. Rd2 b6 17. Rfd1 d5 18. exd5 Qxd5 19. Qxd5+ Rxd5 20. Kf1 Rfd8
21. Ke2 Kf7 22. f3 Ne7 23. d4 exd4 24. cxd4 c4 25. g4 b5 26. a3 R5d7 27. Kf2 Nd5
28. Rc2 Re8 29. Bd2 Rde7 30. Bc1 Ke6 31. Re2+ Kd6 32. Rde1 Rxe2+ 33. Rxe2 Rxe2+
34. Kxe2 Ne7 35. Bd2 Kd5 36. Ke3 Nc6 37. Bc3 a5 38. b3 cxb3 {White resigns} 0-1

[Event "Team 45 45 League T65"]
[Site "Internet Chess Club"]
[Date "2015.06.07"]
[Round "1"]
[White "keshavp"]
[Black "LooneyBinJim"]
[Result "0-1"]
[WhiteElo "1739"]
[BlackElo "1882"]
[Opening "Bird's opening"]
[ECO "A03"]
[Time "11:30:23"]
[TimeControl "2700+45"]

1. f4 d5 2. Nf3 g6 3. e3 Bg7 4. d4 Nh6 5. Be2 Nd7 6. O-O O-O 7. c3 Nf6 8. Ne5
Nf5 9. g4 Nd6 10. Qe1 Nfe4 11. Qh4 f6 12. Nf3 b6 13. Na3 c5 14. Nc2 a5 15. Kh1
Bb7 16. Rg1 Qe8 17. Qe1 e6 18. h4 Rc8 19. Rg2 e5 20. Rh2 Qe6 21. Qg1 Rce8 22. g5
exd4 23. exd4 Nf5 24. Rg2 Neg3+ 25. Rxg3 Nxg3+ 26. Qxg3 Qxe2 27. Bd2 fxg5 28.
hxg5 cxd4 29. cxd4 Qe4 30. Rc1 Rc8 31. Ne1 Rxc1 32. Bxc1 Bxd4 33. Kh2 Qe2+ 34.
Kh3 Bc8+ 35. Kh4 Bf2 {White resigns} 0-1

[Event "Team 45 45 League T65"]
[Site "Internet Chess Club"]
[Date "2015.06.07"]
[Round "1"]
[White "timothysmall56"]
[Black "fkramer"]
[Result "0-1"]
[WhiteElo "1758"]
[BlackElo "1781"]
[Opening "French: Fort Knox variation"]
[ECO "C10"]
[Time "21:06:18"]
[TimeControl "2700+45"]

1. e4 e6 2. d4 d5 3. Nc3 dxe4 4. Nxe4 Bd7 5. Nf3 Bc6 6. Bd3 Nd7 7. O-O Ngf6 8.
Bg5 Be7 9. Nxf6+ Nxf6 10. c3 h6 11. Bf4 g5 12. Be5 Bd6 13. Re1 g4 14. Bxf6 Qxf6
15. Ne5 Bxe5 16. dxe5 Qg5 17. Be4 Bxe4 18. Rxe4 h5 19. Qd3 O-O 20. Rd1 Rfd8 21.
Rd4 Rxd4 22. Qxd4 Qe7 23. Qe4 Rd8 24. Rxd8+ Qxd8 25. Qd4 Qd5 26. b3 c5 27. Qxd5
exd5 28. f4 gxf3 29. gxf3 Kg7 30. Kf2 Kg6 31. Ke3 Kf5 32. f4 a5 33. a3 b6 34. b4
a4 35. b5 Kg4 36. h3+ Kf5 37. Kf3 d4 38. cxd4 cxd4 39. h4 d3 40. Ke3 d2 {White
resigns} 0-1

[Event "Team 45 45 League T65"]
[Site "Internet Chess Club"]
[Date "2015.06.10"]
[Round "1"]
[White "Schachteufel"]
[Black "QuieroAprender"]
[Result "1-0"]
[WhiteElo "1704"]
[BlackElo "1553"]
[Opening "Sicilian: Labourdonnais-Löwenthal variation"]
[ECO "B32"]
[Time "13:09:16"]
[TimeControl "2700+45"]

1. e4 c5 2. Nf3 Nc6 3. d4 cxd4 4. Nxd4 e5 5. Nb5 Qa5+ 6. N1c3 Bb4 7. Bd2 a6 8.
Na3 Bxa3 9. bxa3 Qxa3 10. Bc4 Nf6 11. O-O b5 12. Bb3 O-O 13. Bg5 Ne8 14. Nd5 h6
15. Bd2 Bb7 16. Qg4 Qd6 17. Rad1 Nf6 18. Qh4 Nxd5 19. Bxd5 Nd8 20. Bb3 Qg6 21.
Bb4 Bxe4 22. f3 Bxc2 23. Rd6 Ne6 24. Bd5 Ra7 25. Re1 Qg5 26. Qf2 Nd4 27. h4 Qf5
28. g4 Qf4 29. Bd2 {Black resigns} 1-0